Map: Frozen Temple

Players

klousky

  • Race: Protoss Protoss
  • League: Silver

Gracz - Winner!

  • Race: Zerg Zerg
  • League: Silver

VOD

Have the link to the VOD?

Description

Time

  • Played on: Oct. 10, 2016, 1:32 p.m.
  • Length: 3:00
Show
View Real Time Build Order
Export as new Build Order

klousky Protoss 

Build Orders:  

Get SALT Encoding   

  12  0:01  Probe (Chrono Boost)  
  13  0:11  Probe (Chrono Boost)  
  14  0:21  Pylon  
  14  0:22  Probe (Chrono Boost)  
  15  0:39  Probe (Chrono Boost)  
  15  0:41  Gateway  
  16  0:53  Gateway  
  16  1:00  Assimilator  
  16  1:03  Probe (Chrono Boost)  
  17  1:13  Probe (Chrono Boost)  
  18  1:24  Probe (Chrono Boost)  
  19  1:33  Pylon  
  19  1:36  Cybernetics Core  
  19  1:40  Pylon  
  19  1:49  Assimilator  
  19  1:51  Probe (Chrono Boost)  
  20  2:01  Probe (Chrono Boost)  
  21  2:12  Probe (Chrono Boost)  
  21  2:13  Adept  
Show
View Real Time Build Order
Export as new Build Order

Gracz Zerg - Winner!

Build Orders: Pool First 

Get SALT Encoding   

  12  0:01  Drone  
  13  0:09  Drone  
  14  0:19  Overlord  
  14  0:36  Spawning Pool  
  14  0:40  Drone  
  14  0:44  Drone  
  15  0:57  Drone x2  
  17  1:19  Hatchery  
  17  1:23  Zergling x4  
  18  1:28  Extractor  
  18  1:29  Zergling x2  
  18  1:59  Roach Warren, Drone x3  
  20  2:34  Zergling x2  
Tags
 
Add a new tag
Caveats
  • Supply blocks, unpowered buildings, or Contaminate may cause inaccurate times.
  • Supply counts are checked every 10 seconds.